 Dungeon Crawl Stone Soup version 0.31-a0-844-gdc52ec4e09 (webtiles) character file.

Game seed: 11587177480755704577

162 lunkers the Insei (level 6, -1/36 HPs)
             Began as a Meteoran Shapeshifter on Sept 28, 2023.
             Slain by a gnoll
             ... wielding a +0 halberd
              (9 damage)
             ... on level 4 of the Dungeon.
             The game lasted 00:03:10 (1368 turns).

lunkers the Insei (Meteoran Shapeshifter)           Turns: 1368, Time: 00:03:11

Health: -1/36      AC:  8    Str: 15    XL:     6   Next: 2%
Magic:  16/16      EV: 11    Int: 12    God:
Gold:   180        SH:  0    Dex: 16    Spells: 5/5 levels left

rFire   . .          .
                       - Unarmed
rCold   . . .        (shield currently unavailable)
rNeg    . . .        b - +0 ring mail
rPois   .            j - +1 helmet
rElec   .            (no cloak)
rCorr   .            k - +0 pair of gloves
SInv    .            (no boots)
Will    +....        (no amulet)
Stlth   +            h - ring of magical power
HPRegen 0.26/turn    i - ring of willpower
MPRegen 0.15/turn

%: no passive effects
@: flux-form, glowing
A: glow, contaminating, reduced hp, sense surroundings 1, otherworldly, glowing,
explore regen
a: Begin Untransformation


You were on level 4 of the Dungeon.
You were something dangerously unstable.
You visited 1 branch of the dungeon, and saw 4 of its levels.

You collected 180 gold pieces.

Inventory:

Armour
 b - a +0 ring mail (worn)
 j - a +1 helmet (worn)
 k - a +0 pair of gloves (worn)
Jewellery
 g - a ring of fire
 h - a ring of magical power (left hand)
 i - a ring of willpower (right hand)
Talismans
 c - a beast talisman
 d - a flux talisman (active)
Scrolls
 l - a scroll of poison
Potions
 a - a potion of lignification
 e - a potion of magic {unknown}
 f - 2 potions of enlightenment
 m - 2 potions of haste {unknown}
 n - a potion of curing {unknown}
 o - a potion of heal wounds {unknown}


   Skills:
 - Level 1.1 Fighting
 - Level 2.1 Dodging
 * Level 6.2 Unarmed Combat
 + Level 4.8 Shapeshifting


You had 5 spell levels left.
You didn't know any spells.
Your spell library contained the following spells:

 Spells                   Type           Power      Damage    Failure   Level
 Kiss of Death            Conj/Necr      0%         2d5       54%         1
 Necrotise                Necr           0%         1d4       54%         1


Dungeon Overview and Level Annotations

Branches:
Dungeon (4/15) Zot: 1043
 Temple: D:4-7

Altars:
The Shining One

Shops:
D:3 ?


Innate Abilities, Weirdness & Mutations

You are something dangerously unstable.
You glow with magical radiation, making you easy to see and hit.
Foes you strike become dangerously contaminated with magical radiation.
Your maximum health is decreased, since you lack skill for your form.
You are incapable of wielding weapons or throwing items.
You passively map a small area around you.
You are easily found by Zot.
You glow in the dark.
You regain HP and MP as you explore.


Message History

You kill the gnoll!
A hobgoblin comes into view.
You hit the gnoll.
The gnoll begins to glow.
The gnoll is moderately wounded.
The gnoll hits you with a +0 whip. The gnoll barely misses you.
You barely miss the gnoll.
The gnoll is moderately wounded.
The gnoll hits you with a +0 whip!
* * * LOW HITPOINT WARNING * * *
The gnoll barely misses you.
You hit the gnoll.
The gnoll glows dangerously bright.
The gnoll is heavily wounded.
The gnoll hits you but does no damage.
You hit the gnoll but do no damage.
The gnoll shudders as magic cascades through it.
The gnoll twists and deforms.
The gnoll is heavily wounded.
The gnoll closely misses you.
You hit the gnoll.
You kill the gnoll!
The gnoll hits you with a +0 flail.
* * * LOW HITPOINT WARNING * * *
You see here a +0 whip.
You hit the gnoll.
The gnoll begins to glow.
The gnoll is moderately wounded.
The gnoll hits you from afar with a +0 halberd.
* * * LOW HITPOINT WARNING * * *
You hit the gnoll.
The gnoll glows dangerously bright.
The gnoll is severely wounded.
The gnoll hits you with a +0 flail.
* * * LOW HITPOINT WARNING * * *
The gnoll completely misses you.
You hit the gnoll.
The gnoll shudders as magic cascades through it!!
You kill the gnoll!
The gnoll hits you but does no damage.
You have reached level 6!
You feel clever. The gnoll hits you with a +0 halberd!
You die...

, * #.### , , ### ... #...#
.... ..# ... ###.# .... #.#
.. #.# ..... #.#.. , #>#
..... #.#. #######.###### *
......+..,, ..............
......#.############.#.....
........ggp)...............
#######.############...###.
#)# ##### , , .g. * * * ,,
,, ..... , ,, , + * *
,.....## * , , .....g. ,, ,
,, , ....[##$ * ######* .#
,


You could see a gnoll and a hobgoblin.

Vanquished Creatures
  Jessica (D:2)
  An orc wizard (D:3)
  3 gnolls (D:4)
  2 adders
  A worm (D:3)
  4 orcs (D:3)
  6 bats
  4 endoplasms
  3 giant cockroaches
  3 goblins
  5 hobgoblins
  6 quokkas
  4 ball pythons
  2 frilled lizards (D:1)
  7 kobolds
  8 rats
60 creatures vanquished.

Notes
Turn   | Place    | Note
-------+----------+-------------------------------------------
     0 | D:1      | lunkers the Meteoran Shapeshifter began the quest for the
                  | Orb.
     0 | D:1      | Reached XP level 1. HP: 16/16 MP: 2/2
   111 | D:1      | Reached XP level 2. HP: 23/23 MP: 3/3
   123 | D:1      | Reached skill level 4 in Unarmed Combat
   305 | D:1      | Reached XP level 3. HP: 26/28 MP: 4/4
   577 | D:2      | Reached XP level 4. HP: 33/35 MP: 5/5
   605 | D:2      | Noticed Jessica
   616 | D:2      | Killed Jessica
   617 | D:2      | Reached skill level 5 in Unarmed Combat
   621 | D:2      | Got a weird book
   679 | D:3      | Found Zanurgh's Magic Scroll Shop.
   680 | D:3      | Found a glowing golden altar of the Shining One.
   733 | D:3      | Found a faded altar of an unknown god.
   958 | D:3      | Reached XP level 5. HP: 27/40 MP: 6/6
  1194 | D:3      | HP: 1/60 [orc/+0 mace (5)]
  1199 | D:3      | Reached skill level 6 in Unarmed Combat
  1368 | D:4      | Reached XP level 6. HP: 7/47 MP: 7/7
  1368 | D:4      | Slain by a gnoll

Illustrated notes

Levels and vault maps discovered:
D:1:      kennysheep_arrival_forest, layout_loops_ring
D:2:      layout_rooms, kennysheep_jessica_study
D:3:      layout_rooms, mainiacjoe_overflow_boulevard,
          shapermc_ecumenical_altar_venn, serial_shops, nicolae_shop_waterfront,
          amcnicky_mini_corridor_feature, grunt_ministairs_12
D:4:      layout_basic

Skill      XL: |  1  2  3  4  5 |
---------------+----------------+-----
Unarmed Combat | 4 5 6 |  6.2
Shapeshifting  | 4 |  4.8
Fighting       | |  1.1
Dodging        | |  2.1

Action                     |  1- 3 |  4- 6 || total
---------------------------+-------+-------++-------
  Melee: Unarmed           |    62 |    73 ||   135
         Punch             |     3 |       ||     3
    Use: Scroll            |       |     5 ||     5
         Potion            |       |     1 ||     1
 Armour: Animal skin       |    23 |    35 ||    58
         Ring mail         |       |    10 ||    10
         Skin              |       |     4 ||     4
  Dodge: Dodged            |    34 |    41 ||    75
   Form: Flux              |       |     1 ||     1

Table legend: (Time is in decaauts)
 A = Elapsed time spent in this place.
 B = Non-inter-level travel time spent in this place.
 C = Inter-level travel time spent in this place.
 D = Time resting spent in this place.
 E = Time spent auto-exploring this place.
 F = Levels seen in this place.
 G = Mean time per level.
                   A        B        C        D        E       F      G
               +--------+--------+--------+--------+--------+-----+--------+
         Total |   1355 |   1324 |     31 |     68 |    834 |   4 |  338.8 |
       Dungeon |   1355 |   1324 |     31 |     68 |    834 |   4 |  338.8 |
               +--------+--------+--------+--------+--------+-----+--------+

Top non-repeatable levels by time:
     D:3: 629 daAuts
     D:1: 368 daAuts
     D:2: 305 daAuts
     D:4: 52 daAuts
